Map: Oxide LE

Players

Maru - Winner!

  • Race: Terran Terran
  • League: Master
  • Spawn Location: 7:00

Stats

  • Race: Protoss Protoss
  • League: Grandmaster
  • Spawn Location: 1:00

Event: TSL 6

VOD

Have the link to the VOD?

Description

Time

  • Played on: Dec. 19, 2020, 5:23 a.m.
  • Length: 16:04

All games in this series

Show
View Real Time Build Order
Export as new Build Order

Maru Terran - Winner!

Build Orders: Reaper Expand 

Get SALT Encoding   

  12  0:00  SCV  
  13  0:12  SCV  
  14  0:16  Supply Depot  
  14  0:24  SCV  
  15  0:38  SCV  
  15  0:39  Barracks  
  16  0:43  Refinery  
  16  0:50  SCV  
  17  1:02  SCV  
  18  1:14  SCV  
  19  1:27  Orbital Command, Reaper  
  20  1:39  Command Center  
  20  1:49  Supply Depot  
  20  1:53  SCV  
  21  2:00  Bunker  
  21  2:02  Marine  
  21  2:05  SCV  
  23  2:15  Factory  
  23  2:17  SCV  
  23  2:21  Barracks Reactor  
  24  2:29  SCV  
  25  2:41  SCV  
  26  2:49  Command Center  
  26  2:54  SCV  
  26  2:58  Orbital Command  
  27  3:00  Factory Tech Lab  
  27  3:06  SCV  
  27  3:10  Marine x2  
  30  3:19  Cyclone  
  33  3:21  SCV  
  33  3:23  Barracks  
  33  3:24  SCV  
  35  3:31  Marine  
  35  3:33  Bunker, Marine  
  35  3:34  SCV  
  38  3:37  SCV  
  38  3:46  SCV  
  38  3:49  SCV, Marine  
  37  3:58  SCV  
  37  4:00  Siege Tank  
  37  4:01  SCV, Marine  
  43  4:02  Orbital Command  
  43  4:07  Marine  
  44  4:10  SCV, Refinery  
  44  4:13  SCV  
  44  4:15  Barracks Tech Lab  
  46  4:18  Barracks  
  46  4:22  SCV  
  46  4:23  Marine  
  47  4:24  Refinery  
  47  4:25  Marine  
  47  4:27  SCV  
  47  4:29  Refinery  
  49  4:33  Marine  
  49  4:37  SCV x2  
  52  4:39  SCV  
  52  4:40  Marine  
  52  4:42  Supply Depot  
  52  4:43  Marine  
  52  4:44  Siege Tank  
  58  4:48  Supply Depot  
  58  4:50  SCV  
  60  4:56  Stimpack  
  60  4:58  SCV  
  61  5:01  Marine  
  61  5:04  Marine  
  61  5:06  Engineering Bay  
  62  5:07  Engineering Bay  
  62  5:08  SCV x2  
  63  5:15  Starport  
  63  5:16  Marauder  
  63  5:19  SCV, Marine  
  67  5:21  Marine  
  67  5:23  Supply Depot  
  67  5:25  Factory Reactor  
  67  5:28  Combat Shield, SCV  
  68  5:29  SCV  
  68  5:31  SCV  
  71  5:39  Marine x4  
  71  5:40  Terran Infantry Weapons Level 1  
  71  5:41  Terran Infantry Armor Level 1  
  75  5:46  Supply Depot  
  75  5:48  SCV x2  
  77  5:58  Barracks x2  
  77  6:00  Marine  
  77  6:01  Marauder x2  
  77  6:02  Marine  
  83  6:11  SCV  
  84  6:12  Factory Reactor  
  84  6:13  Supply Depot  
  84  6:16  SCV  
  85  6:23  Medivac x2, SCV  
  85  6:24  SCV  
  86  6:28  SCV  
  86  6:31  Marauder x2, Marine x2  
  92  6:33  Supply Depot, Orbital Command  
  92  6:35  SCV  
  93  6:40  SCV  
  93  6:42  Supply Depot, Concussive Shells  
  93  6:49  Marine  
  93  6:51  SCV  
  93  6:52  Marauder  
  93  6:53  Marauder  
  98  6:54  SCV  
  98  6:57  Barracks Reactor, Supply Depot, Barracks Tech Lab  
  98  6:58  Supply Depot, SCV  
  100  7:06  Marine  
  101  7:09  Widow Mine x2  
  101  7:13  Medivac  
  101  7:14  Marauder  
  108  7:16  Medivac  
  108  7:17  SCV  
  108  7:21  Supply Depot, SCV x2  
  113  7:26  Armory  
  113  7:30  Widow Mine x2  
  113  7:31  Marauder  
  113  7:35  SCV  
  113  7:36  SCV  
  118  7:39  SCV  
  119  7:44  Medivac  
  119  7:46  Medivac  
  119  7:49  Marauder x2, Marine x3  
  119  7:50  Marine  
  130  7:51  Widow Mine  
  130  7:52  Marauder, Widow Mine  
  130  7:53  Supply Depot  
  136  7:59  SCV  
  136  8:00  Supply Depot x2  
  136  8:04  Missile Turret  
  137  8:07  Marine  
  137  8:11  Marauder  
  140  8:15  Medivac, Marauder, Widow Mine x2  
  140  8:19  Supply Depot  
  148  8:21  Medivac  
  148  8:26  Marauder, Marine x2  
  152  8:32  Marauder  
  153  8:36  Marauder, Widow Mine x2  
  159  8:41  Terran Infantry Weapons Level 2  
  159  8:42  Marine  
  159  8:47  Command Center  
  159  8:48  Marauder  
  162  8:53  Marine  
  162  8:54  Marauder  
  161  8:58  Marauder, Widow Mine x2  
  161  9:00  SCV  
  160  9:03  Medivac  
  160  9:05  Marine  
  160  9:09  Marauder  
  158  9:12  Marine  
  158  9:15  Marauder  
  158  9:16  Marine  
  152  9:18  Medivac  
  152  9:19  Marauder, Hellion  
  158  9:27  Refinery, SCV x2  
  158  9:28  Supply Depot, Refinery  
  158  9:30  Marauder, Marine  
  157  9:36  Marauder  
  157  9:38  Terran Infantry Armor Level 2  
  155  9:39  Marine  
  155  9:41  Marauder  
  155  9:43  Widow Mine x2  
  155  9:45  Marine x2  
  160  9:48  Marine  
  160  9:52  Marauder  
  161  9:53  SCV x2  
  161  9:57  Marine  
  161  9:58  Marauder  
  163  10:02  Marauder  
  163  10:03  Marine  
  163  10:06  Widow Mine x2  
  169  10:08  Barracks x2  
  169  10:09  Barracks  
  169  10:13  Marauder, Marine  
  171  10:19  Liberator x2, Marauder  
  176  10:21  SCV  
  176  10:28  Widow Mine x2  
  171  10:38  Marine x3  
  171  10:39  Marauder x2  
  171  10:40  Marauder  
  176  10:46  Marine  
  176  10:49  Planetary Fortress, Widow Mine  
  177  10:57  Barracks Reactor, Barracks Tech Lab x2  
  177  11:00  Marauder x2  
  183  11:08  Marine  
  183  11:09  Marauder  
  174  11:15  Marine  
  174  11:16  Marauder  
  157  11:22  Medivac x2  
  157  11:23  Widow Mine x2, Marine  
  157  11:24  Marauder x3  
  164  11:29  Terran Infantry Weapons Level 3  
  164  11:30  Starport  
  164  11:32  Marauder, Marine x2  
  167  11:33  Marine  
  167  11:37  Marauder  
  171  11:40  Terran Ship Weapons Level 1  
  171  11:41  Marine x2  
  171  11:45  Marauder x3  
  171  11:46  Widow Mine x2  
  183  12:05  Marine  
  183  12:06  Marauder  
  159  12:11  Viking  
  159  12:12  Viking  
  159  12:13  Marauder x2, Marine x2  
  160  12:17  Terran Infantry Armor Level 3  
  160  12:21  Marauder x2, Marine  
  165  12:23  Ghost Academy  
  165  12:24  Refinery  
  165  12:25  Refinery  
  165  12:27  Marauder  
  167  12:35  Marauder x2  
  171  12:40  Viking x2  
  171  12:41  Viking  
  177  12:45  Viking  
  177  12:46  Marine  
  177  12:47  Marauder x2, Marine  
  185  12:56  Ghost  
  187  13:00  Command Center  
  187  13:05  Supply Depot  
  187  13:18  Viking x2  
  169  13:21  Ghost x3  
  169  13:26  Ghost  
  173  13:27  Marine  
  173  13:33  Ghost  
  176  13:35  Marine x4  
  176  13:36  Viking x2  
  163  13:50  Ghost x2  
  163  13:53  Viking  
  162  14:01  Viking  
  156  14:03  Marauder x2, Marine x2  
  156  14:06  Viking  
  138  14:10  Marine  
  138  14:11  Marauder, Marine  
  138  14:16  Marine  
  125  14:19  Marauder x2, Viking  
  125  14:22  Marine x2  
  125  14:23  Viking  
  118  14:24  Marine  
  118  14:25  Marauder x2  
  118  14:28  SCV x2  
  118  14:31  Viking  
  124  14:32  Marauder  
  126  14:42  Ghost  
  126  14:43  Ghost  
  130  14:45  Marine  
  130  14:46  Marauder, Marine  
  130  14:47  SCV  
  130  14:49  SCV  
  130  14:51  SCV  
  137  14:54  Marine  
  137  14:55  Marauder  
  137  14:58  Marine  
  137  14:59  Marauder  
  143  15:01  Marine  
  144  15:07  Marauder  
  146  15:14  Marine x4  
  146  15:15  Marauder x2  
  146  15:16  Marauder  
  156  15:28  Viking x2  
  144  15:33  Ghost x2  
  144  15:34  Marine x4  
  151  15:35  SCV x2  
  151  15:42  Marine x2  
Show
View Real Time Build Order
Export as new Build Order

Stats Protoss 

Build Orders: 1 Gate Expand, Blink Stalkers 

Get SALT Encoding   

  12  0:00  Probe  
  13  0:12  Probe  
  14  0:17  Pylon  
  14  0:24  Probe (Chrono Boost)  
  15  0:36  Gateway, Probe (Chrono Boost)  
  16  0:45  Assimilator, Probe (Chrono Boost)  
  17  0:51  Probe  
  18  1:03  Probe  
  19  1:15  Probe  
  20  1:24  Cybernetics Core  
  20  1:32  Nexus  
  20  1:35  Probe  
  21  1:42  Pylon  
  21  1:46  Assimilator  
  21  1:48  Probe  
  22  1:58  Adept (Chrono Boost)  
  22  2:00  Probe  
  25  2:01  Warp Gate  
  25  2:08  Shield Battery  
  25  2:13  Probe  
  26  2:18  Adept (Chrono Boost)  
  28  2:26  Probe  
  29  2:30  Twilight Council  
  29  2:38  Probe  
  29  2:42  Stalker (Chrono Boost)  
  30  2:48  Shield Battery  
  32  2:53  Probe  
  32  2:56  Probe  
  34  3:05  Probe  
  35  3:07  Blink (Chrono Boost)  
  35  3:08  Probe  
  35  3:19  Probe (Chrono Boost)  
  36  3:20  Probe (Chrono Boost)  
  37  3:29  Robotics Facility  
  37  3:32  Probe (Chrono Boost)  
  37  3:34  Gateway  
  39  3:35  Probe (Chrono Boost)  
  39  3:37  Probe (Chrono Boost)  
  40  3:41  Probe  
  41  3:54  Probe x2  
  43  3:59  Stalker  
  45  4:06  Probe  
  45  4:07  Pylon  
  46  4:10  Nexus  
  46  4:13  Pylon  
  46  4:25  Observer (Chrono Boost), Probe x2  
  46  4:26  Stalker  
  46  4:28  Stalker  
  53  4:31  Assimilator  
  53  4:33  Assimilator, Pylon  
  53  4:38  Probe x2  
  55  4:41  Observer  
  55  4:43  Pylon  
  56  4:50  Probe x2  
  56  4:52  Stalker x2  
  62  4:53  Observer  
  62  4:58  Observer  
  62  5:02  Probe x2  
  62  5:03  Forge  
  64  5:09  Immortal  
  64  5:12  Charge  
  68  5:16  Probe x2 (Chrono Boost)  
  70  5:21  Probe (Chrono Boost)  
  70  5:28  Probe x2 (Chrono Boost)  
  73  5:31  Probe (Chrono Boost)  
  73  5:33  Probe x2 (Chrono Boost)  
  73  5:34  Protoss Ground Weapons Level 1 (Chrono Boost)  
  76  5:36  Probe (Chrono Boost)  
  76  5:39  Robotics Bay  
  76  5:42  Probe  
  78  5:43  Probe  
  78  5:48  Immortal, Probe  
  84  5:52  Pylon  
  84  5:54  Probe  
  84  5:55  Probe  
  84  5:56  Sentry  
  88  5:58  Pylon  
  88  6:00  Sentry  
  88  6:01  Probe  
  91  6:04  Assimilator  
  91  6:07  Observer  
  91  6:09  Assimilator  
  91  6:10  Probe x2  
  93  6:14  Probe  
  94  6:20  Gateway  
  94  6:22  Colossus (Chrono Boost)  
  94  6:23  Gateway  
  94  6:25  Gateway  
  94  6:31  Extended Thermal Lance  
  100  6:35  Gateway  
  100  6:37  Gateway  
  100  6:39  Gateway  
  100  6:41  Probe x3  
  103  6:54  Zealot x2  
  106  6:56  Shield Battery  
  106  7:05  Pylon x2  
  106  7:08  Pylon  
  106  7:10  Pylon  
  106  7:11  Templar Archives  
  106  7:16  Colossus (Chrono Boost)  
  106  7:29  Nexus  
  112  7:30  Pylon, Forge  
  112  7:36  Protoss Ground Weapons Level 2 (Chrono Boost)  
  110  7:42  Zealot x6  
  110  7:43  Zealot x2  
  126  7:56  Colossus  
  126  7:58  Pylon  
  126  8:00  Probe x3  
  126  8:02  Photon Cannon  
  126  8:04  High Templar x3  
  126  8:05  High Templar  
  143  8:09  Archon x2  
  141  8:13  Zealot x4  
  141  8:19  Shield Battery  
  149  8:34  Probe x3  
  146  8:43  Probe  
  146  8:45  Pylon  
  146  8:48  Pylon  
  147  8:49  Pylon  
  147  8:52  Pylon  
  147  8:53  Zealot  
  144  8:56  Observer  
  144  8:59  Protoss Ground Armor Level 1  
  141  9:05  Zealot x7  
  125  9:18  Observer  
  122  9:27  Stalker x3  
  122  9:28  Stalker x5  
  130  9:39  Probe x4  
  134  9:47  Colossus  
  134  9:51  Probe x4  
  143  10:04  Probe x3  
  144  10:07  Stalker x4  
  139  10:25  Zealot x4  
  144  10:30  Protoss Ground Weapons Level 3 (Chrono Boost)  
  144  10:38  Zealot x4, Colossus (Chrono Boost)  
  144  10:40  Probe x4  
  150  10:51  Sentry x3  
  150  10:55  Photon Cannon  
  150  10:57  Pylon, Photon Cannon  
  156  10:59  Zealot x4  
  154  11:17  Observer  
  142  11:22  Assimilator  
  142  11:23  Zealot x6, High Templar x2  
  158  11:27  Gateway  
  158  11:29  Gateway  
  158  11:32  Archon  
  158  11:35  Probe  
  158  11:36  Probe x3  
  158  11:38  Assimilator  
  158  11:39  Assimilator  
  162  11:41  Pylon  
  162  11:43  Colossus (Chrono Boost)  
  162  11:44  Shield Battery  
  166  11:54  Zealot x6  
  178  12:07  Protoss Ground Armor Level 2 (Chrono Boost)  
  156  12:08  Zealot x2  
  156  12:12  Gateway  
  156  12:13  Gateway  
  146  12:28  Nexus  
  146  12:29  Pylon  
  146  12:30  Warp Prism (Chrono Boost)  
  146  12:31  High Templar x3  
  146  12:32  High Templar  
  146  12:36  Archon x2  
  156  12:42  Probe x2  
  156  12:43  Probe x2  
  160  12:50  Pylon  
  160  12:57  Photon Cannon  
  160  13:01  High Templar x4  
  160  13:02  Zealot x2  
  160  13:03  Zealot x3  
  178  13:06  Archon  
  178  13:07  Archon  
  151  13:30  Stalker  
  151  13:31  Stalker x7  
  166  13:35  Zealot  
  166  13:36  Zealot x3  
  156  14:01  Zealot x3  
  156  14:02  Zealot x5  
  154  14:08  Zealot x4  
  122  14:23  Colossus (Chrono Boost)  
  102  14:32  High Templar x2  
  102  14:33  High Templar x2  
  102  14:34  Stalker, High Templar x4  
  102  14:35  Stalker x2  
  102  14:36  Stalker  
  102  14:38  Archon x3  
  126  14:39  Archon  
  120  14:49  Shield Battery  
  120  14:50  Photon Cannon  
  120  14:54  Probe  
  120  14:55  Probe x4  
  125  15:02  Sentry x2, Stalker x2  
  125  15:06  Observer (Chrono Boost)  
  125  15:07  Zealot x3  
  140  15:16  Zealot x2  
  140  15:17  Zealot x2  
  145  15:22  Zealot  
  145  15:26  Zealot x2  
  122  15:31  Disruptor (Chrono Boost)  
  119  15:37  Robotics Facility  
  119  15:42  High Templar x4  
  127  15:47  Archon x2  
  126  15:52  Zealot x2  
  126  15:54  Zealot x2  
  126  15:56  Zealot  
Tags
 
Add a new tag
Caveats
  • Supply blocks, unpowered buildings, or Contaminate may cause inaccurate times.
  • Supply counts are checked every 10 seconds.